 Dungeon Crawl Stone Soup version 0.16.1-16-gc44b35d (webtiles) character file.

7307 Siriah the Thaumaturge (level 10, -1/84 HPs)
             Began as a Yellow Draconian Monk on Apr 18, 2015.
             Was a High Priest of Sif Muna.
             Slain by a trapdoor spider (11 damage)
             ... on level 11 of the Dungeon.
             The game lasted 01:04:28 (13099 turns).

Siriah the Thaumaturge (Yellow Draconian Monk)     Turns: 13099, Time: 01:04:28

Health: -1/84      AC: 10    Str: 15    XL:     10   Next: 90%
Magic:  15/27      EV: 16    Int: 12    God:    Sif Muna [*****.]
Gold:   558        SH:  0    Dex: 14    Spells: 6 memorised, 15 levels left

rFire  . . .     SeeInvis .       - Unarmed
rCold  + . .     Clarity  .     (armour unavailable)
rNeg   . . .     SustAb   .     (no shield)
rPois  .         Gourm    .     (helmet restricted)
rElec  .         Spirit   .     x - +0 cloak (curse)
rCorr  +         Warding  .     (no gloves)
rMut   .         Stasis   .     y - +1 pair of boots (curse)
MR     .....                    (no amulet)
Stlth  ++........               (no ring)
                                v - ring of protection from cold (curse)

@: short of breath, not resistant to hostile enchantments, unstealthy
A: spit acid, acid resistance, unfitting armour, deformed body, mutation
resistance 1, cold-blooded, AC +7
a: Spit Acid, Channel Energy, Forget Spell, Renounce Religion


You were on level 11 of the Dungeon.
You worshipped Sif Muna.
Sif Muna was extremely pleased with you.
You were hungry.

You visited 1 branch of the dungeon, and saw 11 of its levels.
You also visited: Sewer and Ossuary.

You collected 558 gold pieces.

Inventory:

Missiles
 z - 2 tomahawks (quivered)
Armour
 x - a cursed +0 cloak (worn)
 y - a cursed +1 pair of boots (worn)
Jewellery
 v - a cursed ring of protection from cold (left hand)
Magical devices
 j - a wand of frost (16)
 n - a wand of magic darts (15)
 A - a wand of magic darts (16)
 B - a wand of draining (0)
 C - a wand of enslavement (14)
 D - a wand of hasting (4)
Scrolls
 a - 4 scrolls of identify
 c - 4 scrolls of recharging
 d - 5 scrolls of blinking
 e - 2 scrolls of fear
 g - 3 scrolls of magic mapping
 o - a scroll of enchant weapon
 q - a scroll of holy word
 r - 5 scrolls of remove curse
Potions
 f - 2 potions of heal wounds
 h - 2 potions of invisibility
 k - 3 potions of restore abilities
 m - 3 potions of magic
 p - 2 potions of haste
 t - a potion of curing
 u - a potion of brilliance
 w - a potion of might
 H - a potion of flight
Books
 s - a book of Callings

   Spells                             Type                      Level
   a - Summon Small Mammal            Summoning                    1
   b - Call Imp                       Summoning                    2
   c - Call Canine Familiar           Summoning                    3
   d - Summon Guardian Golem          Hexes/Summoning              4
   e - Summon Lightning Spire         Summoning/Air                4
   f - Summon Ice Beast               Ice/Summoning                4
 E - a book of the Sky

   Spells                             Type                      Level
   a - Flight                         Charms/Air                   3
   b - Airstrike                      Air                          4
   c - Silence                        Hexes/Air                    5
   d - Deflect Missiles               Charms/Air                   6
   e - Conjure Ball Lightning         Conjuration/Air              6
   f - Tornado                        Air                          9
 F - a book of the Warp

   Spells                             Type                      Level
   a - Recall                         Summoning/Translocation      3
   b - Control Teleport               Charms/Translocation         4
   c - Force Lance                    Conjuration/Translocation    4
   d - Phase Shift                    Translocation                5
   e - Warp Weapon                    Charms/Translocation         5
   f - Gell's Gravitas                Hexes/Translocation          5
   g - Summon Forest                  Summoning/Translocation      5
Comestibles
 b - 13 bread rations
 i - 4 beef jerkies
 l - 2 meat rations
 G - a chunk of flesh


   Skills:
 + Level 6.4 Fighting
 + Level 7.9 Dodging
 + Level 3.8 Stealth
 + Level 8.2 Unarmed Combat
 * Level 8.9 Spellcasting
 + Level 1.6 Conjurations
 + Level 4.6 Summonings
 + Level 2.5 Necromancy


You had 15 spell levels left.
You knew the following spells:

 Your Spells              Type           Power        Failure   Level  Hunger
a - Magic Dart            Conj           #...         10%         1    None
b - Animate Skeleton      Necr           N/A          6%          1    None
c - Summon Butterflies    Summ           ###.....     1%          1    None
d - Call Imp              Summ           ###.....     3%          2    None
e - Call Canine Familiar  Summ           ###.....     10%         3    ##.....
f - Recall                Summ/Tloc      N/A          17%         3    ##.....


Dungeon Overview and Level Annotations

Branches:
Dungeon (11/15)            Temple (0/1) D:4            Lair (0/8) D:10
    Orc: D:9-12

Altars:
Ashenzari
Cheibriados
Dithmenos
Elyvilon
Fedhas
Kikubaaqudgha
Makhleb
Okawaru
Qazlal
Ru
Sif Muna
Trog
Vehumet
Zin
The Shining One

Annotations:
D:7 EmilioHeskey's ghost, experienced OgHu


Innate Abilities, Weirdness & Mutations

You can spit globs of acid.
You can corrode armour when you spit acid.
You are resistant to acid.
Your golden yellow scales are hard (AC +7).
Your body does not fit into most forms of armour.
Your cold-blooded metabolism reacts poorly to cold.
Your body is misshapen.
You are somewhat resistant to further mutation.


Message History

You spit a glob of acid.
The acid hits the trapdoor spider.
The trapdoor spider is almost dead.
You feel somewhat more hungry.
You feel sick. The trapdoor spider closely misses you.
Your crimson imp blinks!
The trapdoor spider bites you!
* * * LOW HITPOINT WARNING * * *
You barely miss the trapdoor spider.
The trapdoor spider is almost dead.
Your hound closely misses the trapdoor spider.
The trapdoor spider misses you.
Your hound bites the trapdoor spider.
You hit the trapdoor spider.
The trapdoor spider is almost dead.
You feel sick. The trapdoor spider bites you!
* * * LOW HITPOINT WARNING * * *
Your crimson imp blinks!
Your hound closely misses the trapdoor spider.
Drink which item? (? for menu, Esc to quit)
You feel better. The trapdoor spider bites you!
You die...

.Z.#....Z### .#.#.#.#...#
############# .#...#.#.#.#
#...........#
######.###.###..5........#
#.. #...'...........# ###
#####...........#
#...........# ##
#......5....# .#
#..@sh......# ##
#####ยง####### #.# #.##
#..# . ##.## . #..# . ##.#
#.#


You could see a trapdoor spider, a friendly hound and 2 friendly crimson imps.

Vanquished Creatures
  2 hill giants (D:10)
  An ugly thing (D:8)
  A troll (D:10)
  The ghost of Siriah the Magician, an experienced DEWz (D:4)
  A two-headed ogre (D:8)
  A trapdoor spider zombie (D:11)
  Eustachio (D:8)
  2 hippogriffs
  A deep elf fighter (D:10)
  3 hungry ghosts
  Edmund (D:5)
  Purgy (Sewer)
  An ice beast (D:6)
  An eye of draining (D:7)
  4 centaurs
  6 ogres
  2 phantoms
  The ghost of Siriah the Charmwright, an average HESk of Ru (D:3)
  A crocodile (D:10)
  A wyvern zombie (D:6)
  2 elf zombies (Ossuary)
  3 giant frogs
  A big kobold (D:10)
  A gnoll sergeant (D:8)
  4 scorpions
  5 wights (D:10)
  13 killer bees
  2 giant frog zombies
  2 goliath beetles
  A giant frog skeleton (D:8)
  A centaur skeleton (D:5)
  2 human zombies (Ossuary)
  4 hounds
  7 worker ants
  An orc priest (D:3)
  2 orc wizards
  2 iguanas
  4 hound zombies
  5 mummies
  2 river rats (D:10)
  13 adders
  4 gnolls (D:8)
  4 shadow imps
  3 giant mites
  2 worms (D:5)
  An adder skeleton (D:4)
  6 giant geckos
  An ooze (D:5)
  20 orcs
  23 bats
  4 giant cockroaches
  A gnoll zombie (Ossuary)
  10 goblins
  12 hobgoblins
  12 jackals
  15 kobolds
  8 quokkas
  3 giant newts
  2 giant spores
  2 hobgoblin zombies (Ossuary)
  A jackal zombie (D:6)
  19 rats
  3 rat zombies (Ossuary)
  4 ballistomycetes (D:10)
270 creatures vanquished.

Vanquished Creatures (collateral kills)
  A deep elf mage (D:10)
  A yak (D:10)
  A water moccasin (D:10)
  A phantom (D:9)
  Blork the orc (D:8)
  A killer bee (D:7)
  2 crimson imps
  A hound (D:10)
  A jelly (D:7)
  2 orc wizards (D:10)
  A mummy (D:10)
  An adder (D:10)
  An orc (D:4)
  10 bats
  2 goblins (D:4)
  A kobold (D:10)
  A quokka (D:8)
  6 rats
  A butterfly (D:7)
36 creatures vanquished.

Vanquished Creatures (others)
  A yak skeleton (D:10)
  A troll skeleton (D:10)
  9 crimson imps
  6 hounds (D:10)
  2 giant frog skeletons
  An iron imp (D:10)
  An elf skeleton (D:10)
  A big kobold skeleton (D:10)
  An ogre skeleton (D:10)
  A human skeleton (D:5)
  A shadow imp (D:7)
  9 white imps
  An iguana skeleton (D:7)
  3 adder skeletons
  15 bat skeletons
  A quokka (D:4)
  2 giant gecko skeletons
  A goblin skeleton (D:6)
  3 hobgoblin skeletons
  A jackal skeleton (D:5)
  6 orc skeletons
  3 quokka skeletons
  A rat (D:6)
  7 rat skeletons
  64 butterflies
142 creatures vanquished.

Grand Total: 448 creatures vanquished

Notes
Turn   | Place    | Note
--------------------------------------------------------------
     0 | D:1      | Siriah, the Draconian Monk, began the quest for the Orb.
     0 | D:1      | Reached XP level 1. HP: 19/19 MP: 1/1
   214 | D:1      | Reached XP level 2. HP: 26/26 MP: 2/2
   982 | D:2      | Reached XP level 3. HP: 8/31 MP: 3/3
  1358 | D:2      | Reached skill level 5 in Unarmed Combat
  1523 | D:2      | Reached XP level 4. HP: 38/38 MP: 4/4
  1555 | D:2      | Found an ancient bone altar of Kikubaaqudgha.
  1559 | D:2      | Identified Kikubaaqudgha's Almanac of Black Secrets
  1563 | D:2      | Found a radiant altar of Vehumet.
  1567 | D:2      | Identified Vehumet's Almanac of Attacks
  1571 | D:2      | Found a deep blue altar of Sif Muna.
  1575 | D:2      | Identified Sif Muna's Collected Works on Companions
  1578 | D:2      | Learned a level 1 spell: Summon Butterflies
  1856 | D:3      | Found a snail-covered altar of Cheibriados.
  2052 | D:2      | Became a worshipper of Sif Muna the Loreminder
  2052 | D:2      | Acquired Sif Muna's first power
  2052 | D:2      | Acquired Sif Muna's second power
  2101 | D:3      | Learned a level 1 spell: Animate Skeleton
  2175 | D:3      | Found a glowing golden altar of the Shining One.
  2178 | D:3      | Found a shadowy altar of Dithmenos.
  2181 | D:3      | Found a shattered altar of Ashenzari.
  2451 | D:3      | Reached XP level 5. HP: 18/46 MP: 2/5
  2490 | D:3      | Noticed Siriah's ghost (average HESk)
  2614 | D:3      | Killed Siriah's ghost
  2614 | D:3      | Reached skill level 1 in Spellcasting
  2670 | D:3      | Found an iron altar of Okawaru.
  2786 | D:3      | Reached XP level 6. HP: 15/52 MP: 8/8
  2871 | D:4      | Noticed Edmund
  2977 | D:4      | Learned a level 1 spell: Magic Dart
  3023 | D:4      | Reached skill level 1 in Summonings
  3087 | D:4      | Found a glowing drain.
  3118 | Sewer    | Entered a sewer
  3404 | Sewer    | Noticed Purgy
  3427 | Sewer    | Killed Purgy
  3925 | D:4      | Found a staircase to the Ecumenical Temple.
  4073 | D:4      | Noticed Siriah's ghost (experienced DEWz)
  4091 | D:3      | Your scales start taking on a golden yellow colour.
  4091 | D:3      | Reached XP level 7. HP: 40/59 MP: 13/13
  4262 | D:5      | Entered Level 5 of the Dungeon
  4262 | D:5      | Found a burning altar of Makhleb.
  4263 | D:5      | Found a sacrificial altar of Ru.
  4605 | D:5      | Found a stormy altar of Qazlal.
  4656 | D:5      | Reached skill level 1 in Necromancy
  4716 | D:5      | Found a bloodstained altar of Trog.
  5411 | D:5      | Killed Edmund
  5411 | D:5      | Reached skill level 6 in Unarmed Combat
  5436 | D:5      | Your ally Edmund died
  5461 | D:5      | Reached skill level 1 in Conjurations
  5940 | D:4      | Gained mutation: You are somewhat resistant to further mutation. [potion of mutation]
  5940 | D:4      | Gained mutation: Your body is misshapen. [potion of mutation]
  5969 | D:4      | Killed Siriah's ghost
  5969 | D:4      | Reached skill level 5 in Dodging
  5969 | D:4      | Reached XP level 8. HP: 22/67 MP: 18/18
  6096 | D:4      | Found a white marble altar of Elyvilon.
  7357 | D:7      | Found a sand-covered staircase.
  7367 | Ossuary  | Entered an ossuary
  7434 | Ossuary  | Reached skill level 5 in Spellcasting
  7503 | Ossuary  | Reached skill level 5 in Fighting
  7786 | D:7      | Found a glowing silver altar of Zin.
  7995 | D:7      | Noticed EmilioHeskey's ghost (experienced OgHu)
  8048 | D:7      | Learned a level 2 spell: Call Imp
  8290 | D:7      | Reached XP level 9. HP: 10/74 MP: 7/21
  8937 | D:7      | Reached skill level 7 in Unarmed Combat
  9399 | D:8      | Noticed Eustachio
  9537 | D:8      | Killed Eustachio
  9856 | D:8      | Noticed a white ugly thing
  9868 | D:8      | Noticed Blork the orc
  9871 | D:8      | Killed a white ugly thing
  9871 | D:8      | Acquired Sif Muna's third power
 10455 | D:8      | Reached XP level 10. HP: 40/83 MP: 25/25
 10568 | D:8      | Got a transparent rapier {freeze}
 10632 | D:8      | Noticed a two-headed ogre
 10639 | D:8      | Killed a two-headed ogre
 10781 | D:8      | Killed Blork the orc
 10830 | D:9      | Found a blossoming altar of Fedhas.
 11127 | D:10     | Entered Level 10 of the Dungeon
 11199 | D:10     | Reached skill level 8 in Unarmed Combat
 11362 | D:10     | Noticed a hill giant
 11375 | D:10     | Killed a hill giant
 11498 | D:10     | Learned a level 3 spell: Call Canine Familiar
 11502 | D:10     | Learned a level 3 spell: Recall
 11827 | D:10     | Found a staircase to the Lair.
 12409 | D:10     | Noticed a hill giant
 12434 | D:10     | Killed a hill giant
 13098 | D:11     | HP: 1/84 [trapdoor spider (11)]
 13099 | D:11     | Slain by a trapdoor spider

Action                   |  1- 3 |  4- 6 |  7- 9 | 10-12 || total
-------------------------+-------+-------+-------+-------++-------
Melee: Unarmed           |    84 |   227 |   702 |   264 ||  1277
Throw: Tomahawk          |     8 |     5 |    14 |     3 ||    30
 Cast: Summon Butterflie |       |    20 |    32 |     6 ||    58
       Animate Skeleton  |       |    11 |    26 |    28 ||    65
       Magic Dart        |       |    13 |    35 |    22 ||    70
       Call Imp          |       |       |    27 |    32 ||    59
       Call Canine Famil |       |       |       |    13 ||    13
       Recall            |       |       |       |     3 ||     3
 Abil: Spit Acid         |       |       |    37 |    23 ||    60
Evoke: Wand              |       |       |     3 |     3 ||     6
  Use: Scroll            |       |     8 |    17 |     4 ||    29
       Potion            |       |     5 |     8 |     3 ||    16
 Stab: Sleeping          |     3 |     5 |     7 |     2 ||    17
       Invisible         |       |     3 |       |       ||     3
       Distracted        |       |     1 |     3 |     1 ||     5
  Eat: Chunk             |     2 |    11 |    26 |    12 ||    51
       Royal jelly       |       |       |     2 |       ||     2
       Pizza             |       |       |     1 |     1 ||     2
